 Dungeon Crawl Stone Soup version 0.26-a0-259-g1effd001a9 (webtiles) character file.

Game seed: 5071269153754470958

19 wvc the Slasher (level 2, 0/26 HPs)
             Began as a Naga Gladiator on July 11, 2020.
             Slain by a hobgoblin
             ... wielding a +0 club
              (3 damage)
             ... on level 1 of the Dungeon.
             The game lasted 00:00:22 (233 turns).

wvc the Slasher (Naga Gladiator)                     Turns: 233, Time: 00:00:22

Health: 0/26       AC:  3    Str: 16    XL:     2   Next: 75%
Magic:  2/2        EV: 10    Int:  8    God:
Gold:   0          SH:  0    Dex: 12    Spells: 1/1 levels left

rFire    . . .     SeeInvis +   e - +0 dagger (distort)
rCold    . . .     Faith    .   (no shield)
rNeg     . . .     Spirit   .   b - +0 leather armour
rPois    +         Reflect  .   c - +0 helmet
rElec    .         Harm     .   (no cloak)
rCorr    .                      (no gloves)
MR       .....                  (no barding)
Stlth    +.........             (no amulet)
HPRegen  0.08/turn              (no ring)
MPRegen  0.08/turn              (no ring)

@: very slow
A: large, see invisible, deformed body, poison resistance, slowness 2, slow
metabolism 1, spit poison 1, AC +0
a: Spit Poison


You were on level 1 of the Dungeon.
You were not hungry.

You visited 1 branch of the dungeon, and saw 1 of its levels.

Inventory:

Hand Weapons
 a - a +0 long sword
 e - a +0 dagger of distortion (weapon)
Missiles
 d - 3 throwing nets (quivered)
Armour
 b - a +0 leather armour (worn)
 c - a +0 helmet (worn)
Comestibles
 f - 4 rations


   Skills:
 - Level 2.0 Fighting
 + Level 3.9 Long Blades
 - Level 1.7 Throwing
 - Level 2.4 Dodging


You had one spell level left.
You didn't know any spells.
Your spell library was empty.

Dungeon Overview and Level Annotations

Branches:
Dungeon (1/15)

Altars:


Innate Abilities, Weirdness & Mutations

You cannot wear boots.
Your serpentine skin is tough. (AC +0)
You have supernaturally acute eyesight. (SInv)
Armour fits poorly on your strangely shaped body.
Your system is resistant to poisons. (rPois)
You cover ground very slowly.
You have a slow metabolism.
You can spit poison.


Message History

You kill the hobgoblin!
The bat barely misses you. The bat hits you but does no damage.
The gnoll hits you.
You hit the gnoll but do no damage.
Space bends around the gnoll.
The gnoll is moderately wounded.
The bat barely misses you. The gnoll hits you.
You are too injured to fight recklessly!
You hit the gnoll.
Space bends around the gnoll.
The gnoll is severely wounded.
The bat barely misses you. The gnoll hits you.
You barely miss the gnoll.
The gnoll is severely wounded.
The bat closely misses you. The gnoll hits you but does no damage.
You hit the gnoll but do no damage.
Space warps horribly around the gnoll!
You kill the gnoll!
The bat misses you. The hobgoblin hits you with a +0 club!
* * * LOW HITPOINT WARNING * * *
You hit the hobgoblin but do no damage.
The hobgoblin blinks!
The bat barely misses you. The hobgoblin hits you with a +0 club.
You die...

..# ##### #.# #.# #...#
#.# #.# #...#####.# #.#
#.......#.# #.#
#..!....#.# #.#
#..gb...#.# #.#
#g@.....#.###.#####
.....?)ยง................
....##.......#.#......##
... ####....#.#.#.##.# #
######.#.#.##.##
#.#.#.#.... #.#.#.#..##
####.#...#....
...(.#####.###


You could see a hobgoblin, a goblin and a bat.

Vanquished Creatures
  A gnoll (D:1)
  A dart slug (D:1)
  A leopard gecko (D:1)
  A goblin (D:1)
  A hobgoblin (D:1)
  A kobold (D:1)
  A rat (D:1)
7 creatures vanquished.

Notes
Turn   | Place    | Note
-------+----------+-------------------------------------------
     0 | D:1      | wvc the Naga Gladiator began the quest for the Orb.
     0 | D:1      | Reached XP level 1. HP: 19/19 MP: 1/1
   219 | D:1      | Reached XP level 2. HP: 23/26 MP: 2/2
   233 | D:1      | Slain by a hobgoblin

Illustrated notes

Levels and vault maps discovered:
D:1:      matt_arrival_los_fun, layout_basic

Action                   || total
-------------------------++-------
Melee: Dagger            ||    24
Armor: Leather armour    ||     8
Dodge: Dodged            ||    10

Table legend:
 A = Non-vault XP
 B = Vault XP
 C = Vault XP percentage of total XP
 D = Non-vault monster count
 E = Vault monster count
 F = Vault count percentage of total count
                 A         B        C        D         E       F
            +---------+---------+-------+---------+---------+-------
      Total |      28 |       0 |   0.0 |       7 |       0 |   0.0
            +---------+---------+-------+---------+---------+-------
        D:1 |      28 |       0 |   0.0 |       7 |       0 |   0.0
            +---------+---------+-------+---------+---------+-------
